 Dungeon Crawl Stone Soup version 0.30-a0-613-gdd512c7efb (webtiles) character file.

Game seed: 12373655212033511036

588 oldriver the Chiller (level 7, -7/52 HPs)
             Began as a Formicid Wanderer on Jan 8, 2023.
             Succumbed to their own poison gas
             ... in an ossuary.
             The game lasted 00:10:19 (5454 turns).

oldriver the Chiller (Formicid Wanderer)            Turns: 5454, Time: 00:10:19

Health: -7/52      AC:  3    Str: 14 (16) XL:     7   Next: 65%
Magic:  21/21      EV: 11    Int: 10 (12) God:
Gold:   136        SH:  0    Dex: 13 (15) Spells: 8/12 levels left

rFire   . . .      SeeInvis +    a - +1 club
rCold   . . .      Faith    .    (no shield)
rNeg    . . .      Spirit   .    c - +0 leather armour
rPois   .          Reflect  .    (helmet unavailable)
rElec   .          Harm     .    (no cloak)
rCorr   .          Rampage  .    (no gloves)
Will    .....                    (no boots)
Stlth   ++                       (no amulet)
HPRegen 0.28/turn                l - ring of magical power
MPRegen 0.17/turn                (no ring)

@: lethally poisoned (-7 -> -44), weak-willed, flying
A: permanent stasis, dig shafts and tunnels, antennae 3, four strong arms
a: Dig


You were in an ossuary.
You visited 1 branch of the dungeon, and saw 5 of its levels.
You also visited: Ossuary.

You collected 175 gold pieces.
You spent 39 gold pieces at shops.

Inventory:

Hand Weapons
 a - a +1 club (weapon)
Missiles
 t - 6 stones
 x - 3 poisoned darts
 y - 5 curare-tipped darts
Armour
 c - a +0 leather armour (worn)
Jewellery
 l - a ring of magical power (left hand)
Wands
 d - a wand of polymorph (3)
 B - a wand of light (2)
 D - a wand of iceblast (7)
Scrolls
 b - 2 scrolls of butterflies
 g - 4 scrolls of identify
 h - a scroll of enchant weapon
 s - 2 scrolls of fear
Potions
 k - a potion of attraction
 z - a potion of flight


   Skills:
 + Level 3.4 Fighting
 + Level 3.4 Stealth
 + Level 3.4 Spellcasting
 + Level 4.1 Conjurations
 * Level 4.7 Ice Magic
 - Level 4.3 Evocations


You had 8 spell levels left.
You knew the following spells:

 Your Spells              Type           Power      Damage    Failure   Level
a - Freeze                Ice            44%        1d6       4%          1
b - Hailstorm             Conj/Ice       10%        3d5       17%         3

Your spell library contained the following spells:

 Spells                   Type           Power      Damage    Failure   Level
 Kiss of Death            Conj/Necr      20%        2d7       14%         1
 Dazzling Flash           Conj/Hex       10%        N/A       41%         3
 Gell's Gravitas          Tloc           1%         N/A       71%         3
 Teleport Other           Tloc           1%         N/A       71%         3
 Fulminant Prism          Conj/Hex       2%         3d5       82%         4
 Dispersal                Tloc           0%         N/A       100%        6


Dungeon Overview and Level Annotations

Branches:
Dungeon (5/15)            Ossuary (1/1)
 Temple: D:4-7

Altars:
Ru

Shops:
D:3 !

Annotations:
D:3 1 runed translucent door, Crazy Yiuf


Innate Abilities, Weirdness & Mutations

You cannot be hasted, slowed, berserked, paralysed or teleported.
You can dig through walls and to a lower floor.
You have a pair of large antennae on your head. (SInv)
Your four strong arms can wield two-handed weapons with a shield.


Message History

The centaur zombie kicks you but does no damage.
As you read the scroll labelled DEUPSASKEU, it crumbles to dust.
You feel aware of your surroundings.
It was a scroll of magic mapping.
The centaur zombie misses you.
The centaur zombie kicks you but does no damage.
It was a potion of ambrosia.
You are confused.
You feel invigorated. The centaur zombie hits you.
The centaur zombie barely misses you.
You bump into the metal wall.
The centaur zombie hits you. The centaur zombie barely misses you.
The centaur zombie misses you. x2
You bump into the metal wall.
The centaur zombie barely misses you.
The centaur zombie kicks you but does no damage.
You bump into the metal wall.
The centaur zombie hits you but does no damage.
The centaur zombie closely misses you.
You hit the centaur zombie.
The centaur zombie is moderately damaged.
The centaur zombie barely misses you. x2
The centaur zombie completely misses you.
The centaur zombie kicks you.
The centaur zombie attacks as you move away!
The centaur zombie hits you.
The centaur zombie completely misses you.
You are engulfed in poison gas.
You are poisoned.
You feel very sick.
You bump into the metal wall.
You are engulfed in poison gas.
You are lethally poisoned!
You feel less invigorated.
You feel less confused.
You feel very sick. The centaur zombie hits you. The centaur zombie kicks you.
* * * LOW HITPOINT WARNING * * *
Okay, then.
You hit the centaur zombie but do no damage.
The centaur zombie is moderately damaged.
You are engulfed in poison gas.
You are more poisoned.
* * * LOW HITPOINT WARNING * * *
You die...

***~~~,+~~,~,,~,~,,~~~,*
*~~~~~**~*****,*****~*~*
****~*,,~*,,,*{*{,,*~',*
*~***~~~',,,*{*,,,~~***
*~#*~,~,*,,,*~*,,,*,+,*
**~#≈~~*~*****{*****,***
*~~≈≈~,',',*{'{',*,',+,*
*~~~#~~#~#####,*****,***
*~~≈~#.~~#Z@§#~*,,,*,',*
*~**#○§°~'Z☼○#~*,,,',***
****#§☼○°#§☼°#,*,,,*,',*
*~#☼##~#####~*****,***
***#*,.~~,~~~,{{,,,,+,*
*~~**≈~,~,~~*+*'*'*+***
***~##~,~,*,*{*,*,*,*
**~*~**~***~*********
*~**~**~*~~~*~*


You could see a wyvern zombie and a centaur zombie (weak-willed).

Vanquished Creatures
  An ogre (D:4)
  A lemure (D:4)
  2 hounds
  An orc priest (D:4)
  Jessica (D:3)
  Natasha (thrice) (D:3)
  An orc wizard (D:4)
  4 mummies
  4 adders
  3 ufetubi
  A worm (D:4)
  5 dart slugs
  4 orcs
  6 bats
  3 endoplasms
  4 giant cockroaches
  6 goblins
  5 hobgoblins
  4 jackals (D:3)
  A kobold (D:4)
  3 quokkas
  5 ball pythons
  4 frilled lizards
  7 rats
79 creatures vanquished.

Vanquished Creatures (others)
  10 withered plants (Ossuary)
10 creatures vanquished.

Grand Total: 89 creatures vanquished

Notes
Turn   | Place    | Note
-------+----------+-------------------------------------------
     0 | D:1      | oldriver the Formicid Wanderer began the quest for the Orb.
     0 | D:1      | oldriver set off with the following items: a +0 club, a
                  | scroll of butterflies, a +0 leather armour, a wand of
                  | polymorph (5); and the following spells available to
                  | memorise: Kiss of Death, Freeze, Hailstorm, Dazzling Flash,
                  | Fulminant Prism.
     0 | D:1      | Reached XP level 1. HP: 13/13 MP: 2/2
     2 | D:1      | Learned a level 1 spell: Freeze
   207 | D:1      | Reached XP level 2. HP: 20/20 MP: 3/3
   416 | D:1      | Reached skill level 1 in Fighting
   606 | D:1      | Reached XP level 3. HP: 25/26 MP: 2/5
  1179 | D:2      | Learned a level 3 spell: Hailstorm
  1511 | D:2      | Noticed Sigmund
  1512 | D:2      | Sigmund changed into Sigmund the quokka
  1512 | D:2      | Noticed Sigmund
  1519 | D:2      | Killed Sigmund the quokka
  1578 | D:2      | Reached XP level 4. HP: 26/32 MP: 7/7
  2123 | D:3      | Noticed Natasha
  2622 | D:3      | Found a sacrificial altar of Ru.
  2644 | D:3      | Noticed Jessica
  2653 | D:3      | Killed Jessica
  2784 | D:3      | Found Nora's Distillery.
  2792 | D:3      | Bought a potion of curing for 39 gold pieces
  2871 | D:3      | Reached skill level 1 in Stealth
  2873 | D:3      | Reached XP level 5. HP: 34/38 MP: 8/8
  2928 | D:3      | Found a runed translucent door.
  2929 | D:3      | Noticed Crazy Yiuf
  3098 | D:3      | Killed Natasha
  3206 | D:3      | Noticed Natasha
  3217 | D:3      | Killed Natasha
  3371 | D:4      | Reached XP level 6. HP: 35/45 MP: 9/9
  3471 | D:4      | Noticed Grinder
  3479 | D:4      | Grinder changed into Grinder the lemure
  3479 | D:4      | Noticed Grinder
  3497 | D:4      | Killed Grinder the lemure
  3970 | D:3      | Noticed Natasha
  3973 | D:3      | Killed Natasha
  4301 | D:4      | Noticed an ogre
  4308 | D:4      | Killed an ogre
  4309 | D:4      | Reached XP level 7. HP: 52/52 MP: 11/11
  5011 | D:5      | Entered Level 5 of the Dungeon
  5245 | D:5      | Found a sand-covered staircase.
  5314 | Ossuary  | Entered an ossuary
  5454 | Ossuary  | Succumbed to their own poison gas

Illustrated notes

Levels and vault maps discovered:
D:1:      minmay_arrival_up_and_down, layout_rooms
D:2:      layout_basic, uniq_sigmund
D:3:      layout_basic, mainiacjoe_overflow_cross_hatched, serial_shops, shop,
          uniq_crazy_yiuf_cottage, uniq_jessica, uniq_natasha
D:4:      layout_basic, uniq_grinder
D:5:      layout_loops_ring, general_overflow_altar, overflow_temple_1_default,
          gup_ossuary_entry_pyramid, grunt_ministairs_13
Ossuary:  ossuary_zaba_flooded

Skill      XL: |  1  2  3  4  5  6 |
---------------+-------------------+-----
Fighting       | 1 2 3 |  3.4
Ice Magic      | 2 3 4 |  4.7
Spellcasting   | 2 3 |  3.4
Stealth        | 1 3 |  3.4
Conjurations   | 4 |  4.1
Evocations     | |  4.3

Action                   |  1- 3 |  4- 6 |  7- 9 || total
-------------------------+-------+-------+-------++-------
Melee: Club              |    56 |    13 |    20 ||    89
       Punch             |     1 |     1 |       ||     2
Throw: Stone             |       |     1 |     6 ||     7
       Dart              |       |     8 |     1 ||     9
 Cast: Freeze            |    46 |    75 |    47 ||   168
       Hailstorm         |       |     4 |    15 ||    19
Evoke: Wand              |     1 |     1 |       ||     2
  Use: Potion            |       |     2 |    14 ||    16
       Scroll            |       |       |     7 ||     7
 Stab: Sleeping          |       |       |     1 ||     1
Armor: Leather armour    |    28 |    18 |    27 ||    73
       Skin              |       |       |     8 ||     8
Dodge: Dodged            |    74 |    54 |    93 ||   221

Table legend: (Time is in decaauts)
 A = Elapsed time spent in this place.
 B = Non-inter-level travel time spent in this place.
 C = Inter-level travel time spent in this place.
 D = Time resting spent in this place.
 E = Time spent auto-exploring this place.
 F = Levels seen in this place.
 G = Mean time per level.
                   A        B        C        D        E       F      G
               +--------+--------+--------+--------+--------+-----+--------+
         Total |   5481 |   4857 |    624 |    419 |   3396 |   6 |  913.5 |
       Dungeon |   5338 |   4714 |    624 |    362 |   3396 |   5 | 1067.6 |
       Ossuary |    143 |    143 |      0 |     57 |      0 |   1 |  143.0 |
               +--------+--------+--------+--------+--------+-----+--------+

Top non-repeatable levels by time:
     D:4: 1603 daAuts
     D:2: 1385 daAuts
     D:3: 1070 daAuts
     D:1: 975 daAuts
     D:5: 303 daAuts
 Ossuary: 143 daAuts
